 Dungeon Crawl Stone Soup version 0.29.0-11-gd7f09526c8 (webtiles) character file.

Game seed: 17801023632432525546

497576 melvinkitnick the Pyromancer (level 23, -9/152 HPs)
             Began as a Deep Elf Fire Elementalist on Sept 3, 2022.
             Was an Initiate of Gozag.
             Killed from afar by melvinkitnick's illusion (illusionary) (85 damage)
             ... with an iron shot
             ... woven by Mara
             ... on level 1 of the Depths on Sept 4, 2022.
             The game lasted 05:13:45 (76257 turns).

melvinkitnick the Pyromancer (DEFE)                Turns: 76257, Time: 05:13:45

Health: -9/152     AC: 13    Str:  3    XL:     23   Next: 70%
Magic:  11/47      EV: 21    Int: 35    God:    Gozag
Gold:   9530       SH:  7    Dex: 22    Spells: 13/59 levels left

rFire   + + .      SeeInvis .   f - staff of earth
rCold   + + .      Faith    .   X - +1 buckler "Funut" {Rampage rElec rPois}
rNeg    . . .      Spirit   .   R - +2 robe {Archmagi}
rPois   +          Reflect  .   K - +2 helmet {Int+3}
rElec   +          Harm     .   Z - scarf {rC+ rF+}
rCorr   .          Rampage  +   r - +2 pair of gloves
Will    +++..      Archmagi +   i - +2 pair of boots {Fly}
Stlth   +++.......              P - amulet of the Hurting Gods {RegenMP rC+ Dex+3}
HPRegen 0.35/turn               k - ring of wizardry
MPRegen 0.70/turn               q - ring "Qicryhao" {rPois rF+ Will+ Dex+4}

@: flying, studying 2 skills, unable to drink
A: weak 1, inability to drink after injury 1
}: 3/15 runes: decaying, slimy, gossamer
a: Renounce Religion, Potion Petition, Call Merchant, Bribe Branch


You were on level 1 of the Depths.
You worshipped Gozag.
Gozag was greatly pleased with you.
You visited 11 branches of the dungeon, and saw 48 of its levels.
You visited 1 bazaar.
You also visited: Ossuary, Bailey, Gauntlet and Wizlab.

You collected 22141 gold pieces.
You spent 5495 gold pieces at shops.
You paid 7116 gold pieces to Gozag.

Inventory:

Hand Weapons
 G - the +6 rapier "Oretz" {speed, rC- Will+++ Str+2 SInv}
   (You found it on level 5 of the Pits of Slime)

   Attacks with this weapon are significantly faster.
   Str:       It affects your strength (+2).
   rC:        It makes you vulnerable to cold.
   SInv:      It lets you see invisible.
   Will:      It greatly increases your willpower.
 Q - the +6 Majin-Bo {vamp, MP+6 Int+6}
   (You found it on level 3 of the Elven Halls)

   It heals its wielder for a portion of the damage dealt when they wound a
   living foe with it or with a spell.
   Its wielder's spells cost health as well as magical power.
   Int:       It affects your intelligence (+6).
   MP:        It affects your magic capacity (+6).
 S - the +10 rapier of Kyfraaj {vorpal, *Noise rElec rPois Int+3 SInv}
   (You bought it in a shop on level 3 of the Lair of Beasts)

   It inflicts extra damage upon your enemies.
   Int:       It affects your intelligence (+3).
   rElec:     It insulates you from electricity.
   rPois:     It protects you from poison.
   SInv:      It lets you see invisible.
   *Noise:    It may make noises in combat.
Missiles
 m - 2 throwing nets (quivered)
Armour
 i - a +2 pair of boots of flying (worn)
 l - a +3 kite shield of reflection
 r - a +2 pair of gloves (worn)
 K - a +2 helmet of intelligence (worn)
 R - a +2 robe of the Archmagi (worn)
 X - the +1 buckler "Funut" (worn) {Rampage rElec rPois}
   (You acquired it on level 5 of the Lair of Beasts)

   rElec:     It insulates you from electricity.
   rPois:     It protects you from poison.
   Rampage:   It bestows one free step when moving towards enemies.
 Z - a scarf of resistance (worn)
Magical Staves
 f - a staff of earth (weapon)
 u - a staff of cold
 M - a staff of fire
Jewellery
 k - a ring of wizardry (left hand)
 q - the ring "Qicryhao" (right hand) {rPois rF+ Will+ Dex+4}
   (You bought it in a shop on level 1 of the Elven Halls)

   [ring of willpower]

   Dex:       It affects your dexterity (+4).
   rF:        It protects you from fire.
   rPois:     It protects you from poison.
   Will:      It increases your willpower.
 P - the amulet of the Hurting Gods (around neck) {RegenMP rC+ Dex+3}
   (You found it on level 4 of the Lair of Beasts)

   [amulet of magic regeneration]

   It increases your rate of magic regeneration.
   Dex:       It affects your dexterity (+3).
   rC:        It protects you from cold.
 Y - the ring of Anuizxu {rN+++ AC+4 Str+5 Dex-3}
   (You bought it in a shop on level 2 of the Orcish Mines)

   [ring of protection]

   AC:        It affects your AC (+4).
   Str:       It affects your strength (+5).
   Dex:       It affects your dexterity (-3).
   rN:        It renders you almost immune to negative energy.
Wands
 d - a wand of digging (10)
 y - a wand of roots (15)
 z - a wand of light (14)
 L - a wand of mindburst (8)
Scrolls
 c - 13 scrolls of teleportation
 o - 5 scrolls of immolation
 s - 4 scrolls of blinking
 w - 7 scrolls of vulnerability
 x - a scroll of summoning
 B - 7 scrolls of magic mapping
 C - 16 scrolls of poison
 I - 5 scrolls of butterflies
 N - 6 scrolls of amnesia
 U - 5 scrolls of fear
 V - a scroll of silence
Potions
 b - 5 potions of magic
 e - 28 potions of curing
 g - 10 potions of mutation
 h - 9 potions of might
 j - 4 potions of cancellation
 p - 9 potions of haste
 v - 7 potions of brilliance
 D - 4 potions of invisibility
 E - 10 potions of lignification
 J - 3 potions of berserk rage
 O - 5 potions of resistance
 T - 13 potions of heal wounds
 W - 5 potions of ambrosia
Miscellaneous
 a - a box of beasts
 n - a phial of floods
 t - a tin of tremorstones (2/2)
 A - a phantom mirror
 F - a condenser vane
 H - a lightning rod (4/4)


   Skills:
 + Level 18.3 Fighting
 - Level 12.0 Dodging
 - Level 2.4 Stealth
 - Level 4.0 Shields
 + Level 18.5 Spellcasting
 - Level 20.0 Conjurations
 - Level 8.0 Hexes
 - Level 12.0 Necromancy
 - Level 4.0 Translocations
 * Level 22.8 Fire Magic
 - Level 15.0 Earth Magic
 - Level 8.0 Evocations


You had 13 spell levels left.
You knew the following spells:

 Your Spells              Type           Power      Damage    Failure   Level
a - Apportation           Tloc           100%       N/A       1%          1
c - Borgnjor's Vile Clut  Necr/Erth      68%        N/A       1%          5
d - Lee's Rapid Deconstr  Erth           71%        3d33*     1%          5
f - Starburst             Conj/Fire      67%        6d17      1%          6
g - Iron Shot             Conj/Erth      74%        9d14      1%          6
h - Ignition              Fire           69%        3d18      1%          8
t - Dispel Undead         Necr           100%       3d31      1%          4
u - Blink                 Tloc           100%       N/A       1%          2
v - Fire Storm            Conj/Fire      67%        8d17      9%          9

Your spell library contained the following spells:

 Spells                   Type           Power      Damage    Failure   Level
 Foxfire                  Conj/Fire      100%       2x1d9     0%          1
 Magic Dart               Conj           100%       1d8       0%          1
 Necrotise                Necr           100%       1d9       0%          1
 Shock                    Conj/Air       100%       1d9       0%          1
 Scorch                   Fire           100%       2d10      0%          2
 Searing Ray              Conj           100%       2d8       0%          2
 Conjure Flame            Conj/Fire      100%       6-21      0%          3
 Dazzling Flash           Conj/Hex       100%       N/A       0%          3
 Inner Flame              Hex/Fire       100%       N/A       0%          3
 Stone Arrow              Conj/Erth      100%       3d13      0%          3
 Flame Wave               Conj/Fire      100%       2d21      0%          4
 Sticky Flame             Conj/Fire      100%       2d11      0%          4
 Fireball                 Conj/Fire      67%        3d25      0%          5
 Iskenderun's Battlesphe  Conj           100%       2d15      0%          5
 Beastly Appendage        Tmut           96%        N/A       1%          1
 Slow                     Hex            100%       N/A       1%          1
 Summon Small Mammal      Summ           100%       N/A       1%          1
 Call Imp                 Summ           48%        N/A       1%          2
 Ensorcelled Hibernation  Hex/Ice        100%       N/A       1%          2
 Poisonous Vapours        Pois/Air       96%        N/A       1%          2
 Static Discharge         Conj/Air       100%       3-16/arc  1%          2
 Wereblood                Tmut           48%        N/A       1%          2
 Call Canine Familiar     Summ           48%        N/A       1%          3
 Confusing Touch          Hex            93%        N/A       1%          3
 Ignite Poison            Fire/Tmut/Pois 91%        N/A       1%          3
 Mephitic Cloud           Conj/Pois/Air  87%        N/A       1%          3
 Spider Form              Tmut/Pois      48%        N/A       1%          3
 Summon Guardian Golem    Hex/Summ       74%        N/A       1%          3
 Swiftness                Air            48%        N/A       1%          3
 Vampiric Draining        Necr           100%       2d13      1%          3
 Animate Armour           Summ/Erth      100%       N/A       1%          4
 Cause Fear               Hex            46%        N/A       1%          4
 Fulminant Prism          Conj/Hex       57%        3d25      1%          4
 Iskenderun's Mystic Bla  Conj/Tloc      100%       2d19      1%          4
 Agony                    Necr           100%       N/A       1%          5
 Freezing Cloud           Conj/Ice/Air   43%        6-21      1%          5
 Lightning Bolt           Conj/Air       50%        1d71      1%          5
 Death Channel            Necr           54%        N/A       1%          6
 Manifold Assault         Tloc           74%        N/A       2%          5
 Silence                  Hex/Air        37%        N/A       2%          5
 Summon Mana Viper        Hex/Summ       74%        N/A       2%          5
 Lehudib's Crystal Spear  Conj/Erth      74%        10d17     2%          8
 Airstrike                Air            24%        2d(4-20)  5%          4
 Olgreb's Toxic Radiance  Pois           48%        N/A       5%          4
 Summon Ice Beast         Ice/Summ       48%        N/A       5%          4
 Summon Lightning Spire   Summ/Air       48%        N/A       5%          4
 Summon Forest            Summ/Tloc      31%        N/A       6%          5
 Spellforged Servitor     Conj/Summ      50%        N/A       8%          7
 Alistair's Intoxication  Tmut/Pois      32%        N/A       16%         5
 Infestation              Necr           54%        N/A       26%         8
 Eringya's Noxious Bog    Tmut/Pois      24%        N/A       58%         6
 Summon Cactus Giant      Summ           24%        N/A       58%         6
 Shatter                  Erth           71%        3d52*     71%         9
 Malign Gateway           Summ/Tloc      31%        N/A       86%         7
 Necromutation            Tmut/Necr      42%        N/A       95%         8
 Dragon Form              Tmut           24%        N/A       98%         7
 Monstrous Menagerie      Summ           24%        N/A       98%         7
 Ozocubu's Refrigeration  Ice            24%        4d12      98%         7
 Storm Form               Tmut/Air       24%        N/A       98%         7
 Summon Hydra             Summ           24%        N/A       98%         7
 Death's Door             Necr           54%        N/A       98%         9
 Maxwell's Capacitive Co  Air            24%        ∞         100%        8
 Summon Horrible Things   Summ           24%        N/A       100%        8
 Chain Lightning          Conj/Air       50%        3d67      100%        9
 Dragon's Call            Summ           24%        N/A       100%        9
 Polar Vortex             Ice            24%        N/A       100%        9
 Animate Dead             Necr           Unusable   N/A       N/A         4
 Corpse Rot               Necr/Pois/Air  Unusable   N/A       N/A         4
 Simulacrum               Ice/Necr       Unusable   N/A       N/A         6

Dungeon Overview and Level Annotations

Branches:
Dungeon (15/15)            Temple (1/1) D:7            Lair (5/5) D:9
  Swamp (4/4) Lair:3       Spider (4/4) Lair:3        Slime (5/5) Lair:4
    Orc (2/2) D:10            Elf (3/3) Orc:2        Vaults (4/5) D:14
  Crypt (3/3) Vaults:2       Tomb (0/3) Crypt:3      Depths (2/4) D:15
Ossuary (visited)          Bailey (visited)          WizLab (visited)
Gauntlet (visited)

Altars:
Ashenzari
Cheibriados
Dithmenos
Elyvilon
Fedhas
Gozag
Hepliaklqana
Kikubaaqudgha
Makhleb
Nemelex Xobeh
Okawaru
Qazlal
Ru
Sif Muna
Trog
Uskayaw
Vehumet
Wu Jian
Xom
Yredelemnul
Zin
The Shining One
Jiyva
Lugonu

Shops:
Orc:2 =**:*:?=   Elf:1 *=   Elf:3 (   Lair:3 =!*   Vaults:1 *   Vaults:3 (**[

Portals:
Abyss: Lair:5

Annotations:
Lair:1 2 transporters, Imnulubo's ghost, novice TeFE
Swamp:4 2 transporters, sobakacece's ghost, adept MfGl
Elf:2 5 runed translucent doors
Crypt:2 1 runed translucent door, Ciwiv's ghost, veteran FoFi
Depths:1 Mara


Innate Abilities, Weirdness & Mutations

You are weak. (Str -2)
You occasionally lose the ability to drink potions when taking damage.


Message History

Press: ? - help, Dir - move target, p - Mara A rock wall.
Okay, then.
Casting: Lee's Rapid Deconstruction (safe; 1% risk of failure)
Confirm with . or Enter, or press ? or * to list all spells.
Casting: Starburst (safe; 1% risk of failure)
Press: ? - help, Dir - look around, f - activate You feel a surge of power!
The bolt of fire hits Mara.
Mara resists.
Mara is severely wounded.
The bolt of fire misses Mara.
The bolt of fire hits your fire vortex.
Your fire vortex completely resists.
The bolt of fire misses melvinkitnick's illusion.
Mara growls.
You block Mara's attack.
Mara is engulfed in blazing flames.
Mara hits you with a +3 demon blade of electrocution.
Melvinkitnick's illusion gestures next to you while chanting.
The wall shatters!
The blast of rock fragments hits you!!
Casting: Starburst (safe; 1% risk of failure)
Confirm with . or Enter, or press ? or * to list all spells.
Casting: Starburst (safe; 1% risk of failure)
Press: ? - help, Dir - look around, f - activate You feel a surge of power!
The bolt of fire hits Mara!
Mara resists.
Mara is severely wounded.
The bolt of fire hits melvinkitnick's illusion!
Melvinkitnick's illusion resists.
Melvinkitnick's illusion is moderately wounded.
The bolt of fire hits Mara!
Mara resists.
Mara is almost dead.
Mara is engulfed in blazing flames.
Mara hits you with a +3 demon blade of electrocution.
* * * LOW HITPOINT WARNING * * *
Mara is engulfed in blazing flames.
Mara's face changes twice.
Mara closely misses you.
Melvinkitnick's illusion casts a spell at you.
The iron shot hits you!!!!
You feel threatened and lose the ability to drink potions!
Ouch! That really hurt!
You die...
Your body crumbles into a pile of gold.

#. #.# #.# #v##### #
###..°..##.# ..°...v....
#RR...# #@@...#
########### #.#####
#.......... #R#
#.######### #.#####.###
#.#........ #.........#
#.#.#######
#######.#.#####>.........
........#.......#........
####.......##...........#
#..........###.#.###..


You could see 3 Maras, melvinkitnick's illusion and 2 friendly fire vortices.

Vanquished Creatures
  the Royal Jelly (Slime:5)
  An ancient lich (Crypt:3)
  Mennas (Vaults:2)
  Bai Suzhen (Vaults:3)
  A golden dragon (Vaults:2)
  Nikola (Elf:3)
  Jory (Vaults:3)
  Arachne (Spider:3)
  3 shard shrike zombies (Crypt:3)
  Jorgrun (Orc:1)
  Zenata (Vaults:1)
  Mlioglotl (Spider:2)
  A tentacled monstrosity (Depths:2)
  3 liches
  Rupert (Spider:1)
  A walking earthen tome (Depths:2)
  5 deep elf blademasters (Elf:3)
  4 deep elf master archers (Elf:3)
  19 acid blobs
  3 sphinxes
  3 thorn hunters (Swamp:4)
  Frances (Swamp:2)
  Gastronok (D:8)
  Kirke (Lair:5)
  2 tengu reavers
  Donald (Spider:1)
  12 rockslimes
  A revenant (Crypt:2)
  8 azure jellies
  8 emperor scorpions
  2 fire giants
  7 deep elf sorcerers
  3 frost giants
  3 ghost moths (Spider:4)
  An orc warlord (Vaults:3)
  Louise (Spider:3)
  6 vault wardens
  A juggernaut zombie (Crypt:3)
  2 curse skulls (Crypt:3)
  Aizul (Spider:3)
  A broodmother (Spider:4)
  7 quicksilver oozes
  A draconian annihilator (WizLab)
  A draconian stormcaller (WizLab)
  2 stone giants
  5 deep elf elementalists (Elf:3)
  12 ironbound thunderhulks
  2 ghouls (Crypt:2)
  3 reapers (Crypt:3)
  A war gargoyle (Vaults:3)
  4 very ugly things (Depths:1)
  11 ironbound preservers
  2 juggernaut skeletons
  5 deep elf annihilators
  2 hydra skeletons
  6 vampire knights
  An eleionoma (Swamp:2)
  3 entropy weavers
  4 dire elephants
  4 deep elf demonologists
  4 spark wasps
  10 purple draconians (WizLab)
  9 statues (WizLab)
  4 bunyips
  10 eidola
  8 deep elf death magi
  A mummy priest (Crypt:3)
  2 ettins
  3 crystal guardians
  4 jiangshi (Crypt:2)
  4 yaktaur captains
  Snorg (D:14)
  2 quicksilver dragon zombies
  11 great orbs of eyes
  3 shambling mangroves (Swamp:4)
  An ogre mage (D:15)
  A deep elf high priest (Depths:2)
  5 vault guards (Vaults:1)
  11 boulder beetles
  A rakshasa (D:10)
  3 spriggan zombies
  An Orb Guardian zombie (Crypt:1)
  9 hydras
  A spriggan skeleton (Crypt:3)
  5 ironbound frosthearts
  A ghost crab (Swamp:3)
  An ice dragon (Depths:1)
  10 centaur warriors
  3 peacekeepers
  2 radroaches
  3 quicksilver dragon skeletons
  A fenstrider witch skeleton (Crypt:1)
  2 catoblepae
  2 spriggan air magi (Swamp:3)
  9 alligators
  A death knight (Crypt:2)
  15 two-headed ogres
  2 tengu warriors (Depths:2)
  14 dancing weapons
  4 thrashing horrors (Lair:5)
  7 vampire magi
  2 deep troll shamans (Depths:1)
  2 spriggan berserkers
  A deep troll earth mage (Depths:1)
  4 orc high priests
  7 soul eaters (Crypt:3)
  13 deep elf knights
  2 titan skeletons (Crypt:3)
  A storm dragon zombie (Crypt:1)
  23 skeletal warriors
  A sun moth (Spider:4)
  A bunyip zombie (Crypt:1)
  7 pharaoh ants
  35 deep trolls
  15 orb spiders
  A shadow wraith (Crypt:2)
  An iron troll (Depths:2)
  3 goliath frogs
  A glowing orange brain (shapeshifter) (D:14)
  8 swamp dragons
  10 wizards
  A glowing orange brain (Vaults:4)
  6 spriggan druids
  10 steelbarb worms
  7 flayed ghosts
  18 deep elf archers
  3 spectral hydras (Swamp:4)
  An iron giant skeleton (Crypt:2)
  4 bog bodies
  13 necromancers
  27 deep elf zephyrmancers
  4 harpies (Vaults:2)
  7 phantasmal warriors
  7 ironbound convokers
  An iron dragon zombie (Crypt:3)
  35 deep elf pyromancers
  4 orc sorcerers
  4 lindwurms
  A mana viper (shapeshifter) (Elf:1)
  23 wolf spiders
  8 orc knights
  2 manticores
  9 cyclopes
  4 oklob plants
  A fire giant zombie (D:15)
  A jorogumo skeleton (Crypt:1)
  30 ugly things
  11 shining eyes
  4 will-o-the-wisps
  A moth of wrath (Swamp:3)
  3 black mambas
  A naga zombie (Crypt:3)
  An eleionoma skeleton (Crypt:2)
  18 vault sentinels
  6 torpor snails
  9 cane toads
  9 demonic crawlers
  An unseen horror (D:8)
  A dire elephant skeleton (Crypt:3)
  A gargoyle (D:13)
  A smoke demon (Lair:5)
  An alligator snapping turtle zombie (Crypt:3)
  7 rime drakes
  15 yaktaurs
  17 tengu conjurers
  A sea snake zombie (Crypt:1)
  A minotaur zombie (Crypt:1)
  A rime drake (shapeshifter) (D:13)
  An efreet (D:10)
  5 freezing wraiths
  10 komodo dragons
  A guardian mummy (Crypt:3)
  10 hellwings (Crypt:3)
  A grey draconian skeleton (Crypt:2)
  5 hydra zombies
  3 harpy zombies (Crypt:3)
  3 meliai (Spider:3)
  3 bloated husks
  An ancient zyme (Lair:5)
  6 trolls
  2 death drake zombies (Swamp:4)
  A polar bear (Lair:2)
  22 tarantellas
  A death drake skeleton (Swamp:4)
  22 blink frogs
  2 harpy skeletons
  149 slime creatures
  10 tyrant leeches
  9 hornets
  2 ettin zombies
  A radroach zombie (Crypt:1)
  51 jumping spiders
  5 air elementals
  15 culicivoras
  A shadow (D:10)
  10 spriggans
  4 ynoxinuls (Lair:5)
  A hog (shapeshifter) (Lair:5)
  18 wraiths
  An alligator skeleton (Crypt:2)
  19 wyverns
  16 humans
  3 water elementals
  62 yaks
  A black mamba skeleton (Crypt:1)
  3 fire elementals
  7 hogs (Lair:5)
  A steam dragon (D:8)
  3 golden eyes (Slime:5)
  68 redbacks
  15 basilisks
  A chaos spawn (Lair:5)
  3 fire bats (Lair:2)
  11 vampire mosquitoes
  A faun zombie (Crypt:2)
  21 swamp worms
  A warg (Orc:2)
  2 acid dragons
  2 large abominations (Lair:5)
  A tengu skeleton (D:15)
  A floating eye (Slime:3)
  15 water moccasins
  3 hydra simulacra (Swamp:4)
  8 swamp drakes
  2 naga skeletons (Crypt:3)
  2 ice beasts
  A sky beast (D:7)
  20 orc warriors
  A lindwurm zombie (Crypt:2)
  2 swamp dragon zombies (Swamp:4)
  4 boggarts (Vaults:1)
  2 black bears
  7 ogres
  14 centaurs
  A manticore skeleton (Crypt:1)
  A swamp dragon skeleton (Swamp:4)
  10 wolves
  7 kobold brigands
  A phantom (D:5)
  11 small abominations (Lair:5)
  4 elf zombies
  3 earth elementals
  2 necrophages
  8 bullfrogs
  4 scorpions (D:11)
  2 wights
  7 wyvern skeletons (Crypt:3)
  10 killer bees
  2 electric eels (Lair:3)
  7 howler monkeys
  3 centaur zombies
  2 human zombies (D:7)
  3 hounds
  Crazy Yiuf (D:2)
  4 jellies
  13 orc priests
  A gnoll bouda (D:8)
  3 human skeletons (D:7)
  3 iguanas
  Jessica (D:3)
  Ijyb (D:3)
  3 hell rats (Lair:3)
  Natasha (thrice) (D:2)
  18 orc wizards
  A hound zombie (Ossuary)
  6 mummies
  5 adders
  8 gnolls
  A shadow imp (D:6)
  4 white imps
  An adder zombie (Ossuary)
  A worm (D:2)
  3 dart slugs
  59 orcs
  A bat skeleton (Crypt:1)
  10 endoplasms
  8 giant cockroaches
  7 goblins
  3 hobgoblins
  33 kobolds
  6 quokkas
  7 ball pythons
  4 bats (D:1)
  2 frilled lizards
  4 gnoll zombies (Ossuary)
  2 goblin zombies (Ossuary)
  7 hobgoblin zombies (Ossuary)
  4 jackal zombies (Ossuary)
  An orc skeleton (Crypt:1)
  8 quokka zombies (Ossuary)
  6 rats
  6 rat zombies (Ossuary)
  3 briar patches (Swamp:4)
  A bush (D:9)
  A butterfly (D:11)
1914 creatures vanquished.

Vanquished Creatures (collateral kills)
  An acid blob (Slime:5)
  An azure jelly (Slime:5)
2 creatures vanquished.

Vanquished Creatures (others)
  A deep elf archer (Elf:2)
  An orc wizard (Orc:2)
  6 briar patches (Swamp:4)
  16 fire vortices
  94 foxfires
  273 fulminant prisms
  43 fungi
  72 plants
  62 withered plants
568 creatures vanquished.

Grand Total: 2484 creatures vanquished

Notes
Turn   | Place    | Note
-------+----------+-------------------------------------------
     0 | D:1      | melvinkitnick the Deep Elf Fire Elementalist began the
                  | quest for the Orb.
     0 | D:1      | Reached XP level 1. HP: 10/10 MP: 6/6
   203 | D:1      | Found a faded altar of an unknown god.
   287 | D:1      | Reached XP level 2. HP: 15/15 MP: 1/8
   290 | D:1      | Learned a level 2 spell: Scorch
   407 | D:1      | Reached skill level 4 in Fire Magic
   952 | D:1      | Reached XP level 3. HP: 19/19 MP: 7/10
  1138 | D:2      | Noticed Natasha
  1140 | D:2      | Killed Natasha
  1161 | D:2      | Noticed Natasha
  1168 | D:2      | Killed Natasha
  1169 | D:2      | Reached skill level 5 in Fire Magic
  1169 | D:2      | Reached XP level 4. HP: 6/24 MP: 3/12
  1385 | D:2      | Noticed Natasha
  1389 | D:2      | Killed Natasha
  1584 | D:2      | Learned a level 4 spell: Flame Wave
  2096 | D:2      | Found a runed translucent door.
  2097 | D:2      | Noticed Crazy Yiuf
  2505 | D:3      | Noticed Jessica
  2506 | D:3      | Killed Jessica
  2507 | D:3      | Reached skill level 6 in Fire Magic
  2507 | D:3      | Reached XP level 5. HP: 28/28 MP: 10/13
  2540 | D:3      | Noticed Ijyb
  2547 | D:3      | Killed Ijyb
  2971 | D:3      | Reached skill level 1 in Fighting
  3304 | D:4      | Reached XP level 6. HP: 34/34 MP: 5/14
  3846 | D:4      | Reached XP level 7. HP: 41/41 MP: 10/15
  4596 | D:5      | Entered Level 5 of the Dungeon
  5739 | D:6      | Reached skill level 7 in Fire Magic
  5739 | D:6      | Reached XP level 8. HP: 28/48 MP: 8/16
  6740 | D:6      | Reached skill level 5 in Fighting
  6740 | D:6      | Reached skill level 8 in Fire Magic
  7047 | D:7      | Reached skill level 5 in Conjurations
  7185 | D:7      | Found a staircase to the Ecumenical Temple.
  7206 | Temple   | Entered the Ecumenical Temple
  7218 | D:7      | Noticed a hornet
  7225 | D:7      | Killed a hornet
  7446 | D:7      | Found a sand-covered staircase.
  7463 | D:7      | Reached XP level 9. HP: 38/55 MP: 0/17
  7478 | Ossuary  | Entered an ossuary
 10031 | D:8      | Found a white marble altar of Elyvilon.
 10033 | D:8      | Found a hazy altar of Hepliaklqana.
 10034 | D:8      | Found an ornate altar of the Wu Jian Council.
 10034 | D:8      | Found a hide-covered altar of Uskayaw.
 10035 | D:8      | Found an opulent altar of Gozag.
 10035 | D:8      | Found an iron altar of Okawaru.
 10317 | D:8      | Became a worshipper of Gozag Ym Sagoz the Greedy
 10580 | D:8      | Noticed Gastronok
 10932 | D:8      | Killed an unseen horror
 10964 | D:8      | Reached skill level 10 in Conjurations
 11162 | D:8      | Noticed a tengu conjurer
 11510 | D:8      | Reached XP level 10. HP: 63/63 MP: 7/18
 11722 | D:9      | Found a flagged portal.
 11729 | Bailey   | Entered a bailey
 12183 | D:9      | Noticed a skeletal warrior
 12192 | D:9      | Killed a skeletal warrior
 12288 | D:9      | Found the +5 scythe "Finisher" {speed, eviscerate}
 12745 | D:9      | Found a staircase to the Lair.
 12988 | D:9      | Learned a level 4 spell: Fulminant Prism
 13041 | D:9      | Reached skill level 1 in Hexes
 13043 | D:9      | Reached skill level 1 in Evocations
 13334 | D:9      | Reached skill level 5 in Spellcasting
 14163 | D:10     | Entered Level 10 of the Dungeon
 14165 | D:10     | Noticed a two-headed ogre
 14172 | D:10     | Killed a two-headed ogre
 14173 | D:10     | Reached XP level 11. HP: 68/68 MP: 10/21
 14256 | D:10     | Found a radiant altar of Vehumet.
 14387 | D:10     | Noticed a two-headed ogre
 14394 | D:10     | Killed a two-headed ogre
 14487 | D:10     | Found a staircase to the Orcish Mines.
 14771 | D:10     | Noticed a two-headed ogre
 14786 | D:10     | Killed a two-headed ogre
 14959 | D:10     | Noticed a seven-headed hydra
 14977 | D:10     | Killed a seven-headed hydra
 15095 | D:10     | Noticed a centaur warrior
 15104 | D:10     | Killed a centaur warrior
 15267 | D:10     | Found a runed translucent door.
 15268 | D:10     | Noticed an orc knight
 15383 | D:10     | Killed an orc knight
 15596 | D:10     | Noticed a centaur warrior
 15597 | D:10     | Identified the +11 spear of the Wolf {speed, Stlth+}
 15597 | D:10     | Noticed a centaur warrior
 16127 | D:10     | HP: 1/69 [centaur warrior/arrow (29)]
 16444 | Lair:1   | Entered Level 1 of the Lair of Beasts
 17522 | Lair:1   | Reached XP level 12. HP: 76/76 MP: 12/26
 17850 | Lair:1   | Found a transporter.
 17861 | Lair:1   | Noticed an eight-headed hydra
 17884 | Lair:1   | Noticed Imnulubo's ghost (novice TeFE)
 17894 | Lair:1   | Found a transporter.
 18800 | Lair:2   | Identified a scroll of acquirement
 18800 | Lair:2   | Acquired the Writings on Formation and Necromancy
 18939 | Lair:2   | Found a dark tunnel.
 19683 | Lair:3   | Reached skill level 15 in Conjurations
 20077 | Lair:3   | Learned a level 6 spell: Iron Shot
 20223 | Lair:3   | Reached skill level 1 in Earth Magic
 20226 | Lair:3   | Reached skill level 10 in Fighting
 20333 | Lair:3   | Reached skill level 5 in Hexes
 20872 | Lair:3   | Noticed a seven-headed hydra
 20888 | Lair:3   | Killed a seven-headed hydra
 20889 | Lair:3   | Reached skill level 5 in Earth Magic
 21491 | Lair:3   | Found a hole to the Spider Nest.
 21571 | Lair:3   | Reached XP level 13. HP: 83/83 MP: 12/27
 22039 | Lair:3   | Found a staircase to the Swamp.
 22563 | Lair:4   | Identified the amulet of the Hurting Gods {RegenMP rC+
                  | Dex+3}
 22638 | Lair:4   | Noticed Sonja
 22639 | Lair:4   | Noticed Sonja
 22639 | Lair:4   | Sonja changed into Sonja the acid dragon
 22644 | Lair:4   | Killed Sonja the acid dragon
 22918 | Lair:4   | Found the +10 tower shield of Ignorance {rN+ Int-4}
 23422 | Lair:4   | Found a viscous altar of Jiyva.
 23422 | Lair:4   | Found a staircase to the Slime Pits.
 23569 | Lair:4   | You fall into a shaft and drop 1 floor!
 23569 | Lair:5   | Entered Level 5 of the Lair of Beasts
 24089 | Lair:5   | Learned a level 1 spell: Apportation
 24164 | Lair:5   | Noticed Kirke
 24173 | Lair:5   | Reached skill level 1 in Translocations
 24177 | Lair:5   | Killed Kirke
 25076 | Lair:5   | Reached skill level 5 in Dodging
 25264 | Lair:5   | Reached skill level 5 in Evocations
 25264 | Lair:5   | Reached XP level 14. HP: 92/92 MP: 19/28
 25496 | Lair:5   | Acquired the +1 buckler "Funut" {Rampage rElec rPois}
 26018 | Lair:5   | Found a corrupted altar of Lugonu.
 26018 | Lair:5   | Found a one-way gate to the infinite horrors of the Abyss.
 26407 | D:2      | Killed Crazy Yiuf
 26617 | D:8      | Killed Gastronok
 26984 | D:10     | Learned a level 5 spell: Lee's Rapid Deconstruction
 27188 | D:11     | Reached skill level 10 in Earth Magic
 27389 | D:11     | Found a runed translucent door.
 27391 | D:11     | Found a runed translucent door.
 27508 | D:11     | Found a white marble altar of Elyvilon.
 28254 | D:12     | Found a snail-covered altar of Cheibriados.
 28960 | D:14     | Noticed Nessos
 28960 | D:14     | Found a gate to the Vaults.
 29268 | D:14     | Found a gate leading to a gauntlet.
 29273 | Gauntlet | Entered a Gauntlet
 29273 | Gauntlet | Found a transporter.
 29273 | Gauntlet | Found a transporter.
 29273 | Gauntlet | Found a transporter.
 29277 | Gauntlet | Found a transporter.
 29277 | Gauntlet | Found a transporter.
 29287 | Gauntlet | Found a transporter.
 29291 | Gauntlet | Found a transporter.
 29303 | Gauntlet | Found a transporter.
 29310 | Gauntlet | Found a transporter.
 29327 | Gauntlet | Found a transporter.
 29331 | Gauntlet | Found a transporter.
 29389 | Gauntlet | Found a transporter.
 29486 | D:14     | Found an iron altar of Okawaru.
 29917 | D:14     | Noticed Nessos
 29917 | D:14     | Nessos changed into Nessos the komodo dragon
 29921 | D:14     | Killed Nessos the komodo dragon
 30132 | D:14     | Learned a level 5 spell: Borgnjor's Vile Clutch
 30201 | D:14     | Identified the +5 scale mail of Sin {SInv}
 30538 | D:14     | Noticed Snorg
 30540 | D:14     | Killed Snorg
 30582 | D:14     | Reached skill level 1 in Necromancy
 30954 | D:15     | Entered Level 15 of the Dungeon
 31277 | D:14     | Reached XP level 15. HP: 96/96 MP: 12/29
 31697 | D:15     | Found a staircase to the Depths.
 31767 | D:15     | Noticed a frost giant
 31769 | D:15     | Noticed a frost giant
 31794 | D:15     | Killed a frost giant
 31802 | D:15     | Killed a frost giant
 31803 | D:15     | Reached skill level 5 in Necromancy
 33123 | D:10     | Reached skill level 10 in Spellcasting
 33221 | D:10     | Got Sif Muna's Spellbook of Charming Toxins
 33404 | Orc:1    | Entered Level 1 of the Orcish Mines
 33613 | Orc:2    | Entered Level 2 of the Orcish Mines
 33651 | Orc:2    | Found a flickering gateway to a bazaar.
 33656 | Bazaar   | Entered a bazaar
 33656 | Bazaar   | Found Xajudek's Distillery.
 33694 | Bazaar   | Found Zadaf's Antique Armour Shop.
 33714 | Bazaar   | Found Nepab's Antique Weapon Shop.
 33736 | Bazaar   | Bought a potion of haste for 80 gold pieces
 33736 | Bazaar   | Bought a potion of haste for 80 gold pieces
 33750 | Bazaar   | Bought a glowing helmet for 120 gold pieces
 34316 | Orc:2    | Found Finec's Jewellery Boutique.
 34316 | Orc:2    | Found Heasoog's Book Emporium.
 34319 | Orc:2    | Found Vuipeir's General Store.
 34319 | Orc:2    | Found Xoucioxa's General Store.
 34498 | Orc:1    | Noticed Jorgrun
 34505 | Orc:1    | Killed Jorgrun
 35037 | Orc:2    | Found a staircase to the Elven Halls.
 35121 | Orc:2    | Found Gubosak's CLEARANCE SALE!.
 35126 | Orc:2    | Bought a scroll of identify for 8 gold pieces
 35175 | Orc:2    | Bought a book of Fire for 704 gold pieces
 35182 | Orc:2    | Learned a level 6 spell: Starburst
 35186 | Orc:2    | Bought a scroll of amnesia for 56 gold pieces
 35186 | Orc:2    | Bought a scroll of enchant armour for 105 gold pieces
 35324 | Swamp:1  | Entered Level 1 of the Swamp
 35811 | Swamp:1  | Found a snail-covered altar of Cheibriados.
 36178 | Swamp:2  | Noticed Frances
 36182 | Swamp:2  | Killed Frances
 36183 | Swamp:2  | Reached skill level 10 in Necromancy
 36306 | Swamp:2  | Reached XP level 16. HP: 104/104 MP: 11/33
 36567 | Swamp:2  | Found a shimmering blue altar of Sif Muna.
 37193 | Swamp:3  | Reached skill level 9 in Fire Magic
 38062 | Swamp:4  | Entered Level 4 of the Swamp
 38425 | Swamp:4  | Acquired 568 gold pieces
 38492 | Swamp:4  | Reached skill level 10 in Fire Magic
 39158 | Swamp:4  | Reached skill level 11 in Fire Magic
 39374 | Swamp:4  | Noticed a thorn hunter
 39374 | Swamp:4  | Noticed a thorn hunter
 39390 | Swamp:4  | Killed a thorn hunter
 39392 | Swamp:4  | Killed a thorn hunter
 39536 | Swamp:3  | HP: 5/105 [something (1)]
 40124 | Swamp:4  | Found a blossoming altar of Fedhas.
 40413 | Swamp:4  | Identified the +1 leather armour "Wicurgho" {rF- Will+
                  | Regen+ Int+4}
 40469 | Swamp:4  | Noticed sobakacece's ghost (adept MfGl)
 40477 | Swamp:4  | Found a bloodstained altar of Trog.
 40483 | Swamp:4  | Found a transporter.
 40559 | Swamp:4  | Found a transporter.
 40658 | Swamp:4  | Noticed a thorn hunter
 40664 | Swamp:4  | Killed a thorn hunter
 40790 | Swamp:4  | Found a basalt altar of Yredelemnul.
 40797 | Swamp:4  | Got a decaying rune of Zot
 40946 | Lair:3   | Bought a potion of experience for 650 gold pieces
 40946 | Lair:3   | Bought 2 potions of heal wounds for 130 gold pieces
 40946 | Lair:3   | Bought a potion of heal wounds for 65 gold pieces
 40946 | Lair:3   | Bought a potion of heal wounds for 65 gold pieces
 40946 | Lair:3   | Bought a potion of brilliance for 52 gold pieces
 40946 | Lair:3   | Reached skill level 12 in Fire Magic
 40946 | Lair:3   | Reached XP level 17. HP: 111/111 MP: 35/35
 40952 | Spider:1 | Entered Level 1 of the Spider Nest
 40953 | Spider:1 | Noticed Donald
 40961 | Spider:1 | Killed Donald
 40962 | Spider:1 | Reached XP level 18. HP: 105/117 MP: 8/36
 41054 | Spider:1 | Noticed Rupert
 41060 | Spider:1 | Killed Rupert
 42148 | Spider:1 | Reached skill level 15 in Earth Magic
 42400 | Spider:2 | Reached skill level 15 in Fighting
 43088 | Spider:2 | Reached skill level 1 in Shields
 43763 | Spider:3 | Noticed Mlioglotl
 43778 | Spider:3 | Gained mutation: You are weak. (Str -2) [a neqoxec]
 43839 | Spider:2 | Killed Mlioglotl
 44115 | Spider:3 | Identified the +1 leather armour of the Saviour {Slay+2}
 44587 | Spider:3 | Noticed Louise
 44588 | Spider:3 | Noticed Arachne
 44591 | Spider:3 | Killed Louise
 44595 | Spider:3 | Killed Arachne
 44635 | Spider:3 | Reached skill level 13 in Fire Magic
 45026 | Spider:3 | Noticed Aizul
 45032 | Spider:3 | Killed Aizul
 45338 | Spider:4 | Entered Level 4 of the Spider Nest
 46514 | Spider:4 | Reached XP level 19. HP: 124/124 MP: 3/38
 46517 | Spider:4 | Reached skill level 14 in Fire Magic
 46671 | Spider:4 | Reached skill level 10 in Dodging
 47147 | Spider:4 | Got a gossamer rune of Zot
 47820 | Vaults:1 | Entered Level 1 of the Vaults
 48434 | Vaults:1 | Reached skill level 15 in Fire Magic
 49026 | Vaults:1 | Found Amaurunk's General Store.
 49187 | Vaults:1 | Noticed Zenata
 49197 | Vaults:1 | Killed Zenata
 50724 | Vaults:2 | Noticed Mennas
 50743 | Vaults:2 | Reached skill level 16 in Fire Magic
 50830 | Vaults:2 | Killed Mennas
 51015 | Vaults:2 | Reached skill level 15 in Spellcasting
 51341 | Vaults:2 | Found a staircase to the Crypt.
 51341 | Vaults:2 | Found a basalt altar of Yredelemnul.
 51342 | Vaults:2 | Found an ancient bone altar of Kikubaaqudgha.
 51929 | Vaults:2 | Reached XP level 20. HP: 129/129 MP: 19/41
 52241 | Vaults:2 | Noticed a golden dragon
 52272 | Vaults:2 | Killed a golden dragon
 52307 | Vaults:2 | Reached skill level 17 in Fire Magic
 52481 | Vaults:3 | Found Padwebej's Weapon Shoppe.
 52569 | Vaults:3 | Found Goxzidgha's Antique Armour Boutique.
 52570 | Vaults:3 | Noticed Bai Suzhen
 52579 | Vaults:3 | Killed Bai Suzhen
 52580 | Vaults:3 | Found Toliepom's General Store.
 52630 | Vaults:3 | Found a magical portal.
 52639 | WizLab   | Entered Iskenderun's Mystic Tower
 52649 | WizLab   | Learned a level 8 spell: Ignition
 53292 | WizLab   | Reached skill level 18 in Fire Magic
 53408 | WizLab   | Identified the +9 flail of Doom {antimagic, *Rage Int+4
                  | Dex+6}
 54475 | WizLab   | Got Iskenderun's Vellum of Conjuring
 54475 | WizLab   | Got Iskenderun's Encyclopedia of the Barrage
 54535 | WizLab   | Got the Disquisition on Geometric Malignant Rites
 54766 | Vaults:3 | Reached skill level 19 in Fire Magic
 54792 | Vaults:3 | Noticed Jory
 55301 | Vaults:3 | Found Ymaosiqo's Assorted Antiques.
 55334 | Vaults:3 | Killed Jory
 56364 | Vaults:3 | Reached skill level 20 in Fire Magic
 58437 | Elf:1    | Entered Level 1 of the Elven Halls
 58468 | Elf:1    | Reached XP level 21. HP: 134/134 MP: 33/42
 58723 | Elf:1    | Found Sivall's Jewellery Emporium.
 58843 | Elf:1    | Found Piake's Assorted Antiques.
 59146 | Elf:1    | Got the Enchiridion on Invitation
 59203 | Elf:1    | You are sucked into a shaft and drop 1 floor!
 60261 | Elf:2    | Found a huge runed translucent gate.
 60261 | Elf:2    | Found a huge runed translucent gate.
 60293 | Elf:2    | Found a huge runed translucent gate.
 60293 | Elf:2    | Found a huge runed translucent gate.
 60293 | Elf:2    | Found a huge runed translucent gate.
 60784 | Elf:3    | Entered Level 3 of the Elven Halls
 60805 | Elf:3    | Noticed Nikola
 60810 | Elf:3    | Killed Nikola
 61153 | Elf:3    | Found Totuybun's Weapon Emporium.
 61588 | Elf:3    | Found a radiant altar of Vehumet.
 62269 | Elf:3    | Identified the +1 robe of Pessimism {rC- Int+5 SInv Stlth+}
 62874 | Elf:3    | Found the +6 Majin-Bo {vamp, MP+6 Int+6}
 62930 | Elf:3    | Identified the +8 quarterstaff of Fuolam {venom, Drain rC+
                  | rCorr Str+2}
 63017 | Elf:3    | Learned a level 2 spell: Blink
 63199 | Elf:1    | Bought the ring "Qicryhao" {rPois rF+ Will+ Dex+4} for 722
                  | gold pieces
 63282 | Orc:2    | Bought the ring of Anuizxu {rN+++ AC+4 Str+5 Dex-3} for
                  | 1023 gold pieces
 63432 | Lair:3   | Bought the +10 rapier of Kyfraaj {vorpal, *Noise rElec
                  | rPois Int+3 SInv} for 1299 gold pieces
 63476 | Lair:3   | Learned a level 9 spell: Fire Storm
 63481 | Lair:3   | Learned a level 4 spell: Dispel Undead
 63788 | Crypt:1  | Entered Level 1 of the Crypt
 64323 | Crypt:1  | Reached XP level 22. HP: 19/143 MP: 25/43
 65252 | Crypt:1  | You are sucked into a shaft and drop 1 floor!
 65893 | Crypt:2  | Found a runed translucent door.
 65932 | Crypt:2  | Noticed Ciwiv's ghost (veteran FoFi)
 65932 | Crypt:2  | Found the +8 Vampire's Tooth {vamp}
 66476 | Crypt:2  | Identified the +2 scale mail of the Exceptional God {rPois
                  | rC++ Will+}
 66836 | Crypt:3  | Entered Level 3 of the Crypt
 67385 | Crypt:3  | Identified the +2 leather armour of the Chupacabra {rN+
                  | Str+3}
 67385 | Crypt:3  | Identified the amulet of Daobyv {Faith -Tele Will++}
 68562 | Crypt:3  | Found a staircase to the Tomb.
 68914 | Crypt:3  | Noticed an ancient lich
 69011 | Crypt:3  | Killed an ancient lich
 69012 | Crypt:3  | Reached skill level 21 in Fire Magic
 69060 | Crypt:3  | Got the Tome of Blight
 69546 | Crypt:3  | Found an ancient bone altar of Kikubaaqudgha.
 69838 | Crypt:3  | Identified the +9 dagger of Rubbish {elec, Fly rN+}
 70265 | Lair:3   | Bought a wand of digging (5) for 336 gold pieces
 71138 | Slime:1  | Entered Level 1 of the Pits of Slime
 71630 | Slime:1  | Reached XP level 23. HP: 150/150 MP: 33/45
 72556 | Slime:3  | Reached skill level 22 in Fire Magic
 72710 | Slime:3  | Gained mutation: You occasionally lose the ability to drink
                  | potions when taking damage. [a shining eye]
 73273 | Slime:4  | Found a viscous altar of Jiyva.
 73475 | Slime:5  | Entered Level 5 of the Pits of Slime
 74611 | Slime:5  | Noticed the Royal Jelly
 74614 | Slime:5  | Killed the Royal Jelly
 75183 | Slime:5  | Identified the +6 rapier "Oretz" {speed, rC- Will+++ Str+2
                  | SInv}
 75187 | Slime:5  | Got a slimy rune of Zot
 75228 | Slime:5  | Identified the +3 broad axe of Cunaclez {elec, Str+3}
 75451 | Depths:1 | Entered Level 1 of the Depths
 75874 | Depths:1 | You are sucked into a shaft and drop 1 floor!
 75926 | Depths:2 | Found a shimmering altar of Xom.
 76247 | Depths:1 | Noticed Mara
 76252 | Depths:1 | Noticed melvinkitnick's illusion
 76257 | Depths:1 | Killed from afar by melvinkitnick's illusion (illusionary)

Illustrated notes

Levels and vault maps discovered:
D:1:      psy_arrival_basics, layout_loops_cross,
          chequers_ecumenical_altar_simple_redux
D:2:      layout_loops_ring, uniq_natasha, uniq_crazy_yiuf_cottage
D:3:      layout_basic, uniq_jessica, uniq_ijyb
D:4:      minmay_door_path, layout_basic
D:5:      layout_layer_cave
D:6:      layout_gridville
D:7:      layout_loops_corners, minmay_temple_entry_slanted,
          nicolae_ossuary_entry_catacombs
D:8:      nzn_winding_woodlands_three_and_one
          [nzn_winding_woodlands_5x15_garden,
          nzn_winding_woodlands_5x15_concentric,
          nzn_winding_woodlands_5x15_cabin,
          nzn_winding_woodlands_center_diamonds], layout_cave_pools,
          grunt_temple_overflow_open, uniq_gastronok
D:9:      layout_layer_cave, minmay_lair_entry_grove, enter_bailey_2,
          minmay_guarded_unrand_finisher
D:10:     minmay_the_grid_triangle_9x9_rhombus_full
          [minmay_the_grid_triangle_9x9_swiss_cheese,
          minmay_the_grid_triangle_9x9_subtriangle,
          minmay_the_grid_triangle_9x9_shrine,
          minmay_the_grid_triangle_9x9_corrupted_corridor,
          minmay_the_grid_triangle_9x9_sprig,
          minmay_the_grid_triangle_9x9_skeleton,
          minmay_the_grid_triangle_9x9_minimal,
          minmay_the_grid_triangle_9x9_prize_center], layout_cave_pools,
          fiery_altar_vehumet
D:11:     lemuel_insect_pit, layout_irregular_city, elyvilon_altar_1
D:12:     layout_rooms, slow_altar_2
D:13:     layout_roguey
D:14:     layout_grid_maze, david_vaults_3, gauntlet_entry_generic,
          minmay_misc_feat_tiny, okawaru_gym_becter, uniq_snorg
D:15:     gammafunk_depths_entry_grave, layout_loops_cross,
          nicolae_figureground_sparkle, minmay_diamond_spiral
Temple:   nicolae_temple_no_exploring_needed
Lair:1:   layout_gridlike, gammafunk_ghost_berserking_beasts,
          grunt_megastairs_2, lemuel_fruit_tree
Lair:2:   layout_gridlike, nicolae_volcano_entry_lava_flow, grunt_megastairs_3
Lair:3:   layout_roguey [special_room_mythical_zoo],
          nicolae_swamp_entry_splash_gauntlet, dummy_spider_entry,
          nicolae_lair_lil_pond
Lair:4:   layout_cave_pods, slime_entry_1, nicolae_lair_grove_arrangements,
          nicolae_quartered_pool_medium, beast_lair_carwin_9, uniq_sonja,
          uniq_nessos
Lair:5:   hellmonk_lair_end_abyssal_woods, layout_cave_pods, grunt_megastairs_5,
          uniq_kirke
Swamp:1:  layout_basic_swamp, lemuel_altar_in_water, infiniplex_staircase_pool
Swamp:2:  layout_basic_swamp, nicolae_swamp_godswood,
          infiniplex_staircase_pool_2, uniq_frances
Swamp:3:  layout_falls_marsh, serial_swamp_ruin, evilmike_swamp_ruin_house_4,
          evilmike_swamp_ruin_house_1, hangedman_swamp_ruin_wall,
          nicolae_swamp_oklob_treasure_island
Swamp:4:  byrel_swamp_growth_death_and_undeath, layout_basic_swamp,
          gammafunk_ghost_wrathful_warriors, swamp_pool2,
          nicolae_swamp_orc_logging_accident, nicolae_swamp_round_clearing
Spider:1: layout_spider_delve, drop_trap, uniq_rupert, uniq_donald
Spider:2: layout_spider_delve, hangedman_stitches_earthworm
Spider:3: layout_spider_delve, uniq_louise, uniq_arachne, uniq_aizul,
          uniq_mlioglotl
Spider:4: grunt_spider_rune_circles, guppyfry_spider_mini_3
Slime:1:  layout_caves
Slime:2:  layout_caves
Slime:3:  layout_caves
Slime:4:  layout_caves, basic_altar, nicolae_slime_welcoming_committee
Slime:5
Orc:1:    layout_caves, basic_altar, mines1_david, uniq_jorgrun
Orc:2:    grunt_orc_tribal_feast, layout_diamond_mine, serial_shops,
          bzr_entry_road, basic_altar, nicolae_shop_clearance
Elf:1:    eino_elf_arrival_the_gate, layout_geoelf_diagonals, serial_shops,
          nicolae_shop_behind_doors,
          nicolae_shop_temple_entry_statues_fountains, minmay_elf_demonology
Elf:2:    elven_hall_of_blades_hangedman_alternative
          [nicolae_blade_entry_area_security], layout_geoelf_diagonals
Elf:3:    minmay_elf_hall, layout_rooms, serial_shops,
          nicolae_shop_bloodbath_and_beyond, basic_altar,
          serial_co_window_serial, co_window_paths_a, co_window_corner_a,
          co_window_corner_a, co_window_of_opportunity_a, co_window_paths_a,
          co_window_of_opportunity_b, co_window_cross_3, co_window_corner_b,
          co_window_paths_d, glass_columns_a, glass_columns_b, glass_columns_a,
          glass_columns_b, glass_columns_c, uniq_nikola
Vaults:1: hangedman_vaults_snaps, hangedman_vaults_hat,
          nicolae_vaults_network_quincunx
          [nicolae_vaults_network_quincunx_subvault,
          nicolae_vaults_network_quincunx_subvault,
          nicolae_vaults_network_quincunx_subvault,
          nicolae_vaults_network_quincunx_subvault,
          nicolae_vaults_network_quincunx_subvault],
          nicolae_vaults_stairing_the_circle, v_misc_14, nicolae_vaults_meeting,
          nicolae_vaults_windows_and_doors_thing,
          vaults_room_grunt_arrival_ludios, v_misc_25, vaults_dpeg_spiral,
          ontoclasm_vaults_pinch, nicolae_vaults_little_squares_6,
          ontoclasm_vaults_loading_screen, layout_vaults_omnicross,
          serial_shops, nicolae_shop_statue_plus, uniq_zenata
Vaults:2: minmay_crypt_entry_necro_gods, nicolae_vaults_shelves_hall,
          vaults_room_glass_cross, v_misc_18, vaults_room_grid,
          nicolae_vaults_border_crossing, hangedman_vaults_nails,
          nicolae_vaults_gold_heap, vaults_mumra_lcd, layout_vaults_omnigrid,
          uniq_mennas
Vaults:3: mu_enter_wizlab_5, nicolae_vaults_big_ls, vaults_dpeg_ring,
          nicolae_vaults_little_ls, hangedman_vaults_maws, v_misc_16,
          ontoclasm_vaults_ring_square, v_misc_3, ontoclasm_vaults_fault,
          v_misc_1, grunt_vaults_hallway_long, ontoclasm_vaults_chip,
          vaults_room_large_hall, v_alt_pattern_3, layout_vaults_maze_bifur,
          serial_shops, shop, shop_fountains, nicolae_shop_trees, shop,
          uniq_jory, uniq_bai_suzhen
Vaults:4: v_rooms_1, ontoclasm_vaults_gallery, v_misc_15,
          nicolae_vaults_little_squares_4, layout_vaults_chaotic_city
Crypt:1:  layout_catacombs
Crypt:2:  layout_chaotic_city, ebering_ghost_inner_flame,
          minmay_misc_feat_hallway
Crypt:3:  evilmike_haunted_forest
Depths:1: layout_basic, minmay_misc_feat_cross, grunt_hell_entry_dis_mu,
          minmay_room_of_horrors, minmay_misc_feat_x,
          kennysheep_generic_room_15, uniq_mara
Depths:2: grunt_profane_halls [grunt_profane_temple_dis,
          grunt_profane_temple_geh, grunt_profane_temple_coc,
          grunt_profane_temple_tar, grunt_profane_loot], serial_shops,
          hell_entry, pan_entry

Skill      XL: |  1  2  3  4  5  6  7  8  9 10 11 12 13 14 15 16 17 18 19 20 21 22 23 |
---------------+----------------------------------------------------------------------+-----
Fire Magic     | 4 5 6 7 8 12 13 16 20 21 22 | 22.8
Spellcasting   | 4 5 8 11 12 13 15 16 18 | 18.5
Conjurations   | 3 4 6 10 12 14 15 16 19 20 | 20.0
Fighting       | 1 3 4 5 7 8 9 10 12 13 14 15 16 17 18 | 18.3
Hexes          | 4 6 8 |  8.0
Evocations     | 2 4 5 8 |  8.0
Dodging        | 4 5 8 9 12 | 12.0
Earth Magic    | 5 9 12 13 15 | 15.0
Translocations | 2 4 |  4.0
Necromancy     | 3 10 11 12 | 12.0
Shields        | 3 4 |  4.0
Stealth        | |  2.4

Action                   |  1- 3 |  4- 6 |  7- 9 | 10-12 | 13-15 | 16-18 | 19-21 | 22-24 || total
-------------------------+-------+-------+-------+-------+-------+-------+-------+-------++-------
Melee: Dagger            |       |       |     7 |       |     1 |       |       |       ||     8
       Scythe            |       |       |       |     7 |       |       |       |       ||     7
       War axe           |       |       |       |     1 |       |       |       |       ||     1
       Spear             |       |       |       |       |    14 |    20 |    77 |       ||   111
       Staff             |       |       |       |       |       |       |    12 |    39 ||    51
 Fire: Sling             |       |    26 |   147 |    40 |    25 |    12 |       |       ||   250
Throw: Dart              |       |       |       |     1 |     4 |     1 |     1 |       ||     7
 Cast: Foxfire           |    33 |       |    27 |       |       |       |       |       ||    60
       Scorch            |    15 |    62 |   170 |   168 |    93 |     7 |       |       ||   515
       Flame Wave        |       |       |     7 |    27 |     7 |       |       |       ||    41
       Fulminant Prism   |       |       |       |    97 |   160 |    15 |     1 |       ||   273
       Iron Shot         |       |       |       |       |   117 |   101 |   112 |   158 ||   488
       Apportation       |       |       |       |       |   113 |   317 |   169 |   235 ||   834
       Lee's Rapid Decon |       |       |       |       |   119 |   186 |   321 |   172 ||   798
       Borgnjor's Vile C |       |       |       |       |    30 |   201 |   176 |    85 ||   492
       Starburst         |       |       |       |       |     1 |    39 |   104 |    48 ||   192
       Ignition          |       |       |       |       |       |       |     1 |    42 ||    43
       Dispel Undead     |       |       |       |       |       |       |       |     3 ||     3
       Fire Storm        |       |       |       |       |       |       |       |     4 ||     4
Invok: Potion Petition   |       |       |       |     1 |     1 |       |       |       ||     2
       Call Merchant     |       |       |       |       |     3 |     3 |       |       ||     6
Evoke: Wand              |       |       |     7 |     4 |    12 |     8 |    11 |     2 ||    44
  Use: Scroll            |     5 |     7 |     9 |    15 |    16 |     8 |    13 |     5 ||    78
       Potion            |       |       |       |       |     2 |     1 |     4 |     1 ||     8
 Stab: Paralysed         |       |       |     7 |       |       |       |       |       ||     7
       Distracted        |       |       |       |       |     1 |       |     1 |     2 ||     4
Armor: Robe              |       |     1 |    43 |    35 |    38 |    68 |    58 |    39 ||   282
Dodge: Dodged            |     4 |    10 |    99 |    96 |   114 |   142 |   184 |   115 ||   764
Block: Buckler           |       |       |       |       |    21 |    43 |    50 |    37 ||   151
